 Dungeon Crawl Stone Soup version 0.30.0-10-gfe55d96785 (webtiles) character file.

Game seed: 6048431321762750316

7 browni3141 the Conjurer (level 1, -1/5 (17) HPs)
             Began as a Demigod Reaver on May 14, 2023.
             Slain by a goblin
             ... wielding a +0 club
              (2 damage)
             ... on level 1 of the Dungeon.
             The game lasted 00:00:25 (41 turns).

browni3141 the Conjurer (Demigod Reaver)              Turns: 41, Time: 00:00:26

HP:   -1/5 (17)     AC:  3    Str: 13    XL:     1   Next: 73%
MP:   3/5           EV: 11    Int: 15    God:
Gold: 0             SH:  0    Dex: 12    Spells: 2/3 levels left

rFire   . . .        a - +0 falchion
rCold   . . .        (no shield)
rNeg    . . .        b - +0 leather armour
rPois   .            (no helmet)
rElec   .            (no cloak)
rCorr   .            (no gloves)
SInv    .            (no boots)
Will    .....        (no amulet)
Stlth   +            (no ring)
HPRegen 0.20/turn    (no ring)
MPRegen 0.09/turn

%: no passive effects
@: extremely drained
A: high MP 1, forlorn, divine attributes
a: no special abilities


You were on level 1 of the Dungeon.
You visited 1 branch of the dungeon, and saw 1 of its levels.

Inventory:

Hand Weapons
 a - a +0 falchion (weapon)
Armour
 b - a +0 leather armour (worn)


   Skills:
 + Level 1.9 Fighting
 + Level 2.8 Long Blades
 + Level 1.9 Dodging
 + Level 1.9 Spellcasting
 + Level 2.8 Conjurations


You had 2 spell levels left.
You knew the following spells:

 Your Spells              Type           Power      Damage    Failure   Level
K - Kiss of Death         Conj/Necr      20%        2d7       16%         1

Your spell library contained the following spells:

 Spells                   Type           Power      Damage    Failure   Level
 Momentum Strike          Conj/Tloc      10%        3d8       24%         2
 Hailstorm                Conj/Ice       5%         3d4       43%         3


Dungeon Overview and Level Annotations

Branches:
Dungeon (1/15)


Innate Abilities, Weirdness & Mutations

You have an increased reservoir of magic. (+10% MP)
You shall have no god before yourself.
Your divine heritage dramatically boosts your attributes as you level up.


Message History

Welcome, browni3141 the Demigod Reaver.
They say the Orb of Zot lies within this dungeon, but they say a lot of things.
Press ? for a list of commands and other information.
Found an escape hatch in the floor.
Found a staircase leading out of the dungeon.
A jackal comes into view.
The jackal barks!
You hear a bark!
You hear a shout!
A jackal comes into view.
There are monsters nearby!
A kobold and a jackal come into view.
The jackal barks! x2
A jackal comes into view.
The jackal moves out of view.
The kobold shouts!
The jackal barely misses you.
You hit the jackal but do no damage. The jackal closely misses you.
You closely miss the jackal. The jackal bites you.
The jackal bites you but does no damage.
The jackal bites you.
The jackal barks!
You slash the jackal!
You kill the jackal!
The jackal bites you. The jackal misses you. The jackal bites you.
You closely miss the jackal. The jackal bites you.
You closely miss the jackal. Your punch misses the jackal.
The jackal bites you. x2
* * * LOW HITPOINT WARNING * * *
The jackal barely misses you. The jackal completely misses you.
The jackal bites you.
* * * LOW HITPOINT WARNING * * *
The jackal bites you.
* * * LOW HITPOINT WARNING * * *
Aiming: Kiss of Death (safe; 17% risk of failure)
Press: ? - help, Q - select action Shift-Dir - straight line, f - jackal
Aim: a jackal (100% to hit)
The negative energy hits the jackal!
The jackal is drained!
You kill the jackal!
You feel drained. The jackal misses you.
The jackal bites you but does no damage.
Unknown command.
You hit the jackal but do no damage. The jackal bites you.
* * * LOW HITPOINT WARNING * * *
The jackal bites you but does no damage.
The jackal misses you. The jackal barely misses you.
You closely miss the jackal. The jackal bites you.
* * * LOW HITPOINT WARNING * * *
The jackal misses you.
The jackal bites you but does no damage.
Aiming: Kiss of Death (safe; 17% risk of failure)
Press: ? - help, Q - select action Shift-Dir - straight line, f - jackal
Aim: a jackal (100% to hit)
The negative energy hits the jackal!
The jackal is drained!
You kill the jackal!
You feel drained.
The jackal bites you but does no damage.
Aiming: Kiss of Death (safe; 16% risk of failure)
Press: ? - help, Q - select action Shift-Dir - straight line, f - kobold
Aim: a kobold, wielding a +0 club and quivering stones (100% to hit)
The negative energy hits the kobold.
The kobold is drained!
You kill the kobold!
You feel drained. The jackal closely misses you.
Aiming: Kiss of Death (safe; 16% risk of failure)
Press: ? - help, Q - select action Shift-Dir - straight line, f - jackal
Aim: a jackal (100% to hit)
The negative energy hits the jackal!
The jackal is drained!
You kill the jackal!
You feel drained.
HP restored.
An endoplasm comes into view.
A goblin comes into view. It is wielding a +0 club.
The endoplasm quivers.
You hit the endoplasm.
The endoplasm is severely wounded.
The endoplasm completely misses you.
You hit the endoplasm.
You kill the endoplasm!
You closely miss the goblin. The goblin hits you with a +0 club.
You hit the goblin.
The goblin is heavily wounded.
The goblin barely misses you.
You barely miss the goblin.
The goblin is heavily wounded.
The goblin hits you with a +0 club.
Ouch! That really hurt!
* * * LOW HITPOINT WARNING * * *
The goblin hits you with a +0 club.
You die...

##### #...# .#
#.<.# #.####
###...##......
#...†@#.......
#.>..g#.......
#.....#.......
###...#.......
#...........
#...........
#........K..
#.#........#
#.#.#.h.....


You could see a goblin.

Vanquished Creatures
  An endoplasm (D:1)
  4 jackals (D:1)
  A kobold (D:1)
6 creatures vanquished.

Notes
Turn   | Place    | Note
-------+----------+-------------------------------------------
     0 | D:1      | browni3141 the Demigod Reaver began the quest for the Orb.
     0 | D:1      | Reached XP level 1. HP: 17/17 MP: 5/5
    41 | D:1      | Slain by a goblin

Illustrated notes

Levels and vault maps discovered:
D:1:      amcnicky_arrival_blooded_trapdoor, layout_rooms, nrook_campfire

Action                     || total
---------------------------++-------
  Melee: Falchion          ||    12
   Cast: Kiss of Death     ||     4
 Armour: Leather armour    ||     5
  Dodge: Dodged            ||    12
